 Dungeon Crawl Stone Soup version 0.29-a0-666-g26d293caef (webtiles) character file.

Game seed: 10608639133736730853

299 chiefcold23 the Conjurer (level 6, -3/49 HPs)
             Began as a Deep Elf Conjurer on June 23, 2022.
             Was an Initiate of Fedhas.
             Slain by a kobold brigand
             ... wielding a +0 whip
              (6 damage)
             ... on level 4 of the Dungeon.
             The game lasted 00:33:56 (2966 turns).

chiefcold23 the Conjurer (Deep Elf Conjurer)        Turns: 2966, Time: 00:33:57

Health: -3/49      AC: 23    Str:  2 (4)  XL:     6   Next: 13%
Magic:  1/16       EV:  2    Int: 23 (25) God:    Fedhas [......]
Gold:   106        SH:  0    Dex: 12 (13) Spells: 11/15 levels left

rFire   + . .      SeeInvis .   r - +0 hunting sling
rCold   + . .      Faith    .   (no shield)
rNeg    . . .      Spirit   .   (body armour currently unavailable)
rPois   +          Reflect  .   (helmet currently unavailable)
rElec   +          Harm     .   (cloak currently unavailable)
rCorr   +          Rampage  .   (gloves currently unavailable)
Will    .....      NoTele   +   (boots currently unavailable)
Stlth   ++........              (no amulet)
HPRegen 0.16/turn               (no ring)
MPRegen 0.15/turn               (no ring)

@: tree-form, resistant, attractive
A: stationary, stasis, torment immunity, boosted hp
a: Renounce Religion


You were on level 4 of the Dungeon.
You worshipped Fedhas.
Fedhas was noncommittal.
You were a tree.
You visited 1 branch of the dungeon, and saw 4 of its levels.

You collected 106 gold pieces.

Inventory:

Hand Weapons
 c - a +0 short sword
 l - a +0 dagger
 m - a +0 whip
 n - a +0 hand axe
 o - a +0 whip
 p - a +0 whip
 r - a +0 hunting sling (weapon)
 t - a +0 club
 v - a +0 mace
 w - a +0 dagger
 x - a +0 falchion
 y - a +0 dagger
 z - a +0 dagger
 A - a +0 club
 B - a +0 dagger
 C - a +0 falchion
 D - a +0 short sword
 I - a +0 flail
 J - a +0 club
 M - a +0 hand axe
 N - a +0 hand axe
Missiles
 d - 24 stones
 q - a throwing net
 E - 8 poisoned darts
Armour
 a - a +0 robe (melded)
 F - a +0 robe
 H - a +0 ring mail
 K - a +0 ring mail
Scrolls
 g - a scroll of enchant armour {unknown}
 h - a scroll of noise {unknown}
 j - 2 scrolls of fog {unknown}
 s - 2 scrolls of identify {unknown}
 L - a scroll of blinking {unknown}
Potions
 k - 3 potions of attraction


   Skills:
 + Level 0.3 Fighting
 + Level 2.6 Dodging
 + Level 2.9 Stealth
 + Level 5.3 Spellcasting
 + Level 6.4 Conjurations
 + Level 2.1 Summonings


You had 11 spell levels left.
You knew the following spells:

 Your Spells              Type           Power      Damage    Failure   Level
a - Magic Dart            Conj           100%       1d8       1%          1
b - Summon Small Mammal   Summ           60%        N/A       3%          1
c - Searing Ray           Conj           70%        2d7       1%          2

Your spell library contained the following spells:

 Spells                   Type           Power      Damage    Failure   Level
 Dazzling Flash           Conj/Hex       42%        N/A       8%          3
 Apportation              Tloc           12%        N/A       9%          1
 Necrotize                Necr           24%        1d5       9%          1
 Fulminant Prism          Conj/Hex       10%        3d9       24%         4
 Iskenderun's Mystic Bla  Conj/Tloc      21%        2d6       24%         4


Dungeon Overview and Level Annotations

Branches:
Dungeon (4/15)
 Temple: D:4-7

Altars:
Fedhas

Shops:
D:2 (


Message History

Aim: a kobold brigand, wielding a +0 whip and quivering poisoned darts (lightly wounded, ally target, 43% to hit)
You shoot a sling bullet.
The sling bullet misses the kobold brigand.
Your quokka barely misses the kobold brigand.
The kobold brigand hits you but does no damage.
Your quokka barely misses the kobold brigand.
The kobold brigand hits you but does no damage.
Fire: r) +0 hunting sling
Press: ? - help, Q - select action, (/) - cycle Shift-Dir - straight line, f/p - kobold brigand
Aim: a kobold brigand, wielding a +0 whip and quivering poisoned darts (lightly wounded, ally target, 43% to hit)
You shoot a sling bullet.
The sling bullet hits the kobold brigand but does no damage.
The kobold brigand is lightly wounded.
Your quokka closely misses the kobold brigand.
The kobold brigand hits you but does no damage.
Your quokka barely misses the kobold brigand.
Fire: r) +0 hunting sling
Press: ? - help, Q - select action, (/) - cycle Shift-Dir - straight line, f/p - kobold brigand
Aim: a kobold brigand, wielding a +0 whip and quivering poisoned darts (ally target, 43% to hit)
You shoot a sling bullet.
The sling bullet hits the kobold brigand but does no damage.
Your quokka bites the kobold brigand but does no damage.
The kobold brigand hits you but does no damage. x2
Your quokka bites the kobold brigand.
Fire: r) +0 hunting sling
Press: ? - help, Q - select action, (/) - cycle Shift-Dir - straight line, f/p - kobold brigand
Aim: a kobold brigand, wielding a +0 whip and quivering poisoned darts (lightly wounded, ally target, 43% to hit)
You shoot a sling bullet.
The sling bullet closely misses the kobold brigand.
Your quokka bites the kobold brigand but does no damage.
The kobold brigand hits you but does no damage.
Fire: r) +0 hunting sling
Press: ? - help, Q - select action, (/) - cycle Shift-Dir - straight line, f/p - kobold brigand
Aim: a kobold brigand, wielding a +0 whip and quivering poisoned darts (lightly wounded, ally target, 43% to hit)
You shoot a sling bullet.
The sling bullet closely misses the kobold brigand.
Your quokka bites the kobold brigand.
The kobold brigand hits you with a +0 whip.
You die...
Fedhas appreciates your contribution to the ecosystem.

# #!h!.............†
.####............÷. . #
#...##............. #.
. #o#..#.............
#.#.#).#.#..####'##....
#...##......##...##..†.
#...###....##...#.....
#.#..rKr...#....#.....
#...)♣#.§§.#....#.....
###...#....#....#.....
#...#....#....#.....
####################


You could see a kobold brigand (ally target), a quokka and a friendly quokka
(summoned).

Vanquished Creatures
  A phantom (D:4)
  2 hounds (D:4)
  An orc priest (D:4)
  3 adders
  2 worms
  A dart slug (D:4)
  3 orcs
  2 endoplasms
  A giant cockroach (D:1)
  4 goblins
  8 hobgoblins
  3 jackals (D:1)
  7 kobolds
  10 quokkas
  4 ball pythons
  4 bats (D:1)
  3 frilled lizards
  4 rats
63 creatures vanquished.

Vanquished Creatures (collateral kills)
  An orc wizard (D:4)
  An orc (D:4)
  An endoplasm (D:3)
  A hobgoblin (D:4)
  A goblin (D:3)
  A rat (D:3)
6 creatures vanquished.

Grand Total: 69 creatures vanquished

Notes
Turn   | Place    | Note
-------+----------+-------------------------------------------
     0 | D:1      | chiefcold23 the Deep Elf Conjurer began the quest for the
                  | Orb.
     0 | D:1      | Reached XP level 1. HP: 10/10 MP: 6/6
   332 | D:1      | Reached XP level 2. HP: 15/15 MP: 2/8
   551 | D:1      | Reached skill level 5 in Conjurations
   571 | D:1      | Found a faded altar of an unknown god.
   955 | D:2      | Reached XP level 3. HP: 19/19 MP: 4/9
  1026 | D:2      | Learned a level 1 spell: Summon Small Mammal
  1218 | D:2      | Found Othraleer's Weapon Boutique.
  1592 | D:3      | Reached XP level 4. HP: 22/24 MP: 5/11
  1614 | D:3      | Reached skill level 1 in Summonings
  2126 | D:3      | Found a blossoming altar of Fedhas.
  2265 | D:3      | Became a worshipper of Fedhas Madash
  2663 | D:4      | Noticed a scorpion
  2679 | D:4      | Learned a level 2 spell: Searing Ray
  2728 | D:4      | Reached skill level 6 in Conjurations
  2728 | D:4      | Reached XP level 5. HP: 28/28 MP: 5/13
  2923 | D:4      | Noticed a phantom
  2936 | D:4      | Killed a phantom
  2944 | D:4      | Reached skill level 5 in Spellcasting
  2944 | D:4      | Reached XP level 6. HP: 6/32 MP: 10/15
  2957 | D:4      | HP: 1/32 [orc wizard/+0 dagger (2)]
  2966 | D:4      | Slain by a kobold brigand

Illustrated notes

Levels and vault maps discovered:
D:1:      shiori_arrival_elements, layout_basic,
          shapermc_ecumenical_altar_starsandcircs
D:2:      layout_rooms, serial_shops, nicolae_diamond_shop
D:3:      layout_rooms, mainiacjoe_overflow_boulevard
D:4:      layout_gridville, nicolae_uskayaw_dance_hall, temple_doors_e,
          minmay_bent, uniq_grinder

Skill      XL: |  1  2  3  4  5 |
---------------+----------------+-----
Conjurations   | 5 6 |  6.4
Summonings     | 1 2 |  2.1
Spellcasting   | 4 5 |  5.3
Fighting       | |  0.3
Dodging        | |  2.6
Stealth        | |  2.9

Action                   |  1- 3 |  4- 6 || total
-------------------------+-------+-------++-------
 Fire: Hunting sling     |       |     7 ||     7
 Cast: Magic Dart        |    69 |    40 ||   109
       Summon Small Mamm |     5 |    12 ||    17
       Searing Ray       |       |    16 ||    16
  Use: Potion            |       |     7 ||     7
Armor: Robe              |     1 |     4 ||     5
       Skin              |       |    12 ||    12
Dodge: Dodged            |     5 |    15 ||    20

Table legend: (Time is in decaauts)
 A = Elapsed time spent in this place.
 B = Non-inter-level travel time spent in this place.
 C = Inter-level travel time spent in this place.
 D = Time resting spent in this place.
 E = Time spent auto-exploring this place.
 F = Levels seen in this place.
 G = Mean time per level.
                   A        B        C        D        E       F      G
               +--------+--------+--------+--------+--------+-----+--------+
         Total |   2967 |   2206 |    761 |   1162 |    664 |   4 |  741.8 |
       Dungeon |   2967 |   2206 |    761 |   1162 |    664 |   4 |  741.8 |
               +--------+--------+--------+--------+--------+-----+--------+

Top non-repeatable levels by time:
     D:1: 949 daAuts
     D:3: 877 daAuts
     D:4: 580 daAuts
     D:2: 560 daAuts
